[Event "Titled Tuesday Blitz November 2 2021"]
[White "King, Alexander"]
[Black "Zhalmakhanov, Ramazan"]
[WhiteFideId "2063620"]
[BlackFideId "13706357"]
[WhiteElo "2306"]
[BlackElo "2531"]
[Result "0-1"]
[Round "04"]
[TimeControl "180+1"]
[Date "2021.11.02"]
[WhiteClock "0:00:07"]
[BlackClock "0:00:10"]

1. d4 Nf6 2. c4 e6 3. Nc3 Bb4 4. e3 b6 5. Ne2 Bb7 6. a3 Bd6 7. Ng3 O-O 8. Bd3 c5 9. d5 Be5 10. Nge2 exd5 11. cxd5 Re8 12. O-O d6 13. e4 Ba6 14. h3 Qc8 15. f4 Bxc3 16. Nxc3 Nbd7 17. Re1 Bxd3 18. Qxd3 a6 19. a4 c4 20. Qd4 Nc5 21. Qxc4 Ncxe4 22. Qxc8 Raxc8 23. Nxe4 Rxe4 24. Rxe4 Nxe4 25. Be3 Rc2 26. b4 Rb2 27. b5 axb5 28. axb5 h5 29. Bxb6 Rxb5 30. Bd4 Rxd5 31. Be3 Rd3 32. Bb6 Kh7 33. Kh2 Kg6 34. Ra7 h4 35. f5+ Kxf5 36. Rxf7+ Kg6 37. Rf4 Nf6 38. Rxh4 Rb3 39. Bc7 d5 40. Be5 Ne4 41. Rg4+ Kf5 42. Bxg7 Nf2 43. Rg3 Rxg3 44. Kxg3 Ne4+ 45. Kf3 Ng5+ 46. Ke2 Ne6 47. Bb2 Ke4 48. g4 Nf4+ 49. Kf2 Nxh3+ 50. Kg3 Nf4 51. Bc1 Ne2+ 52. Kh4 Nxc1 53. g5 Kf5 54. Kh5 Ne2 55. g6 Nf4+ 0-1


[Site "https://www.chess.com"]

[Event "Titled Tuesday Blitz November 2 2021"]
[White "Lazavik, Denis"]
[Black "Bakalchuk, Johnatan"]
[WhiteFideId "13515110"]
[BlackFideId "2810301"]
[WhiteElo "2436"]
[BlackElo "2486"]
[Result "0-1"]
[Round "04"]
[TimeControl "180+1"]
[Date "2021.11.02"]
[WhiteClock "0:00:05"]
[BlackClock "0:00:04"]

1. d4 Nf6 2. c4 g6 3. g3 Bg7 4. Bg2 O-O 5. Nc3 d6 6. Nf3 Nbd7 7. O-O e5 8. e4 Re8 9. h3 exd4 10. Nxd4 a6 11. Be3 Rb8 12. a4 Nc5 13. Qc2 Bd7 14. a5 h6 15. Rfe1 Nh7 16. f4 Nf6 17. Rad1 Qc8 18. Kh2 b6 19. axb6 Rxb6 20. e5 dxe5 21. Nf3 Bf5 22. Qf2 Nfe4 23. Nxe4 Nxe4 24. Qe2 exf4 25. Bxb6 fxg3+ 26. Kg1 cxb6 27. Qe3 Nf6 28. Qxb6 Rxe1+ 29. Rxe1 Qxc4 30. Qd4 Qc8 31. Ne5 Nd7 32. Bd5 Nxe5 33. Rxe5 Bxe5 34. Qxe5 Be6 35. Bxe6 Qxe6 36. Qxg3 h5 37. Qc3 Kh7 38. Kg2 g5 39. Qd3+ f5 40. Qd8 Kg6 41. h4 Qe4+ 42. Kg1 Qb1+ 43. Kg2 Qxb2+ 44. Kg1 Qc1+ 45. Kg2 Qc2+ 46. Kg1 gxh4 47. Qg8+ Kf6 48. Qd8+ Ke5 49. Qe7+ Kd5 50. Qd7+ Ke4 51. Qb7+ Kf4 52. Qb8+ Kg4 53. Qb4+ f4 54. Qb8 Qd1+ 55. Kh2 Qe2+ 56. Kg1 Qe3+ 57. Kh2 Qh3+ 58. Kg1 Qe3+ 59. Kh1 h3 60. Qc8+ Kg3 61. Qg8+ Kf2 62. Qa2+ Qe2 63. Qa3 Qf1+ 0-1


[Site "https://www.chess.com"]

[Event "Titled Tuesday Blitz November 2 2021"]
[White "Le, Tuan Minh"]
[Black "Ozen, Bahadir"]
[WhiteFideId "12401153"]
[BlackFideId "6337058"]
[WhiteElo "2450"]
[BlackElo "2503"]
[Result "1-0"]
[Round "04"]
[TimeControl "180+1"]
[Date "2021.11.02"]
[WhiteClock "0:00:06"]
[BlackClock "0:00:03"]

1. d4 Nf6 2. Nf3 e6 3. Bg5 d5 4. e3 c5 5. c3 Nbd7 6. Nbd2 Bd6 7. Bd3 b6 8. O-O Bb7 9. Qe2 O-O 10. Rfd1 Qc7 11. Rac1 Ne4 12. Bh4 c4 13. Bb1 f5 14. Bg3 b5 15. Ne1 Rf6 16. Nf1 Raf8 17. Bxd6 Nxd6 18. f4 Ne4 19. Nf3 h6 20. Ne5 Nxe5 21. fxe5 R6f7 22. Ng3 Qe7 23. Nh5 Qe8 24. Rf1 Rd7 25. Nf4 g5 26. Nh5 g4 27. Nf4 Ng5 28. Qf2 Rg7 29. Qh4 Qe7 30. Kh1 Kh7 31. Qxg4 Ne4 32. Qh3 Nd2 33. Rf2 Nxb1 34. Rxb1 Bc6 35. Nh5 Rg6 36. Nf6+ Kg7 37. Rg1 Rfxf6 38. exf6+ Qxf6 39. Qf3 Bd7 40. Qf4 Kh7 41. Rgf1 Qg7 42. Re2 Be8 43. h3 Rg5 44. Qd6 Bh5 45. Rd2 Rg6 46. Qb8 Rg3 47. Qf4 a6 48. a4 Rg5 49. axb5 axb5 50. Ra1 Rg3 51. Kh2 Rg5 52. Ra6 Bf7 53. Ra7 Qf6 54. Qe5 Kg6 55. Qxf6+ Kxf6 56. Rd1 Rg8 57. Rda1 Rb8 58. Rc7 b4 59. Raa7 Bg6 60. Rab7 bxc3 61. bxc3 Ra8 62. Rb2 Ra3 63. Rc2 Rb3 64. Rc1 Rb2 65. Kg3 Re2 66. Kf3 Rb2 67. Ra7 Bh5+ 68. g4 fxg4+ 69. hxg4 Bg6 70. Raa1 Be4+ 71. Kg3 Rg2+ 72. Kh3 Re2 73. Re1 Rf2 74. Rf1 Bg2+ 75. Kg3 Rxf1 76. Ra8 Re1 77. Kf2 Rf1+ 78. Kxg2 Rc1 79. Ra3 Rc2+ 80. Kf3 Kg5 81. Ra6 Rxc3 82. Rxe6 Rd3 83. Re5+ Kh4 84. Rxd5 1-0


[Site "https://www.chess.com"]

[Event "Titled Tuesday Blitz November 2 2021"]
[White "Manukyan, Artyom"]
[Black "Mikhailovsky, Vladimir"]
[WhiteFideId "13305786"]
[BlackFideId "34105414"]
[WhiteElo "2034"]
[BlackElo "2402"]
[Result "0-1"]
[Round "04"]
[TimeControl "180+1"]
[Date "2021.11.02"]
[WhiteClock "0:00:02"]
[BlackClock "0:00:15"]

1. e4 Nf6 2. e5 Nd5 3. d4 d6 4. Nf3 dxe5 5. Nxe5 c6 6. Be2 Bf5 7. O-O Nd7 8. Nf3 e6 9. c4 N5f6 10. Nc3 Bd6 11. h3 O-O 12. Qb3 Qc7 13. Be3 h6 14. Rfd1 Ne4 15. Nxe4 Bxe4 16. Rac1 c5 17. d5 exd5 18. cxd5 b6 19. Qc4 Rfe8 20. b4 Rac8 21. Qb3 Qb7 22. a3 cxb4 23. axb4 Rxc1 24. Bxc1 Nf6 25. Bc4 b5 26. Be2 Bxd5 27. Qb2 Bxb4 28. Bxh6 gxh6 29. Qxf6 Rxe2 30. Qd8+ Kg7 31. Rxd5 Be7 32. Qd7 Qxd7 33. Rxd7 a5 34. Kf1 Re4 35. Nd2 Re6 36. Nf3 Bf6 37. Rd5 Rb6 38. Ke2 a4 39. Kd3 a3 40. Kc2 0-1


[Site "https://www.chess.com"]

[Event "Titled Tuesday Blitz November 2 2021"]
[White "Martinez Alcantara, Jose Eduardo"]
[Black "Khanin, Semen"]
[WhiteFideId "3805662"]
[BlackFideId "4111990"]
[WhiteElo "2690"]
[BlackElo "2436"]
[Result "1-0"]
[Round "04"]
[TimeControl "180+1"]
[Date "2021.11.02"]
[WhiteClock "0:00:07"]
[BlackClock "0:00:02"]

1. e4 e5 2. Nf3 Nc6 3. Bb5 a6 4. Ba4 Nf6 5. d3 Bc5 6. c3 d6 7. h3 Ba7 8. Bg5 h6 9. Bh4 Bd7 10. Nbd2 Qe7 11. Nf1 g5 12. Bg3 O-O-O 13. Ne3 Rdg8 14. Nd2 h5 15. Qe2 h4 16. Bh2 g4 17. Bxc6 bxc6 18. hxg4 h3 19. g3 Bxg4 20. f3 Be6 21. O-O-O d5 22. g4 Nd7 23. d4 Kb7 24. exd5 cxd5 25. dxe5 Qc5 26. Nc2 Qa5 27. a3 Nc5 28. b4 Qa4 29. bxc5 Bxc5 30. Nb1 Rb8 31. Bg1 Be7 32. Rd4 Qb3 33. Na1 Bxa3+ 34. Nxa3 Qxa3+ 35. Qb2+ Qxb2+ 36. Kxb2 c5 37. Ra4 Kc6+ 38. Kc1 Kb5 39. Ra3 Kc4 40. Nc2 Rb3 41. Rxb3 Kxb3 42. Kd2 d4 43. cxd4 c4 44. d5 c3+ 45. Kd3 Bxd5 46. Nd4+ Kb4 47. Be3 h2 48. Rb1+ Ka4 49. Kxc3 h1=Q 50. Rb4+ Ka5 51. Nb3+ Bxb3 52. Bb6# 1-0


[Site "https://www.chess.com"]

[Event "Titled Tuesday Blitz November 2 2021"]
[White "Narayanan.S.L"]
[Black "Perez Gormaz, Matias"]
[WhiteFideId "5058422"]
[BlackFideId "3406342"]
[WhiteElo "2570"]
[BlackElo "2352"]
[Result "1-0"]
[Round "04"]
[TimeControl "180+1"]
[Date "2021.11.02"]
[WhiteClock "0:00:19"]
[BlackClock "0:00:01"]

1. b3 d5 2. Bb2 Bg4 3. f3 Bh5 4. e3 Nc6 5. Bb5 Qd6 6. c4 e6 7. Nc3 Nf6 8. d4 a6 9. Ba4 Bg6 10. Nge2 Be7 11. Nf4 O-O 12. Bxc6 Qxc6 13. cxd5 exd5 14. Rc1 Qd7 15. O-O Rfe8 16. Nd3 Bd6 17. Re1 c6 18. Na4 Rad8 19. Ne5 Qe7 20. Nc5 Bf5 21. a4 Bc8 22. a5 Nh5 23. f4 Nf6 24. b4 Bf5 25. h3 h5 26. Rf1 h4 27. Bc3 Ne4 28. Be1 f6 29. Bxh4 Qc7 30. Qh5 Bh7 31. g4 fxe5 32. Bxd8 Rxd8 33. fxe5 Bxc5 34. bxc5 Ng3 35. Qg5 Ne2+ 36. Kh2 Nxc1 37. Rxc1 Rf8 38. Kg3 Be4 39. Kh4 Qxa5 40. e6 Qc7 41. Rg1 Re8 42. Rf1 Qe7 43. Rf7 Qxg5+ 44. Kxg5 Rxe6 45. Rxb7 Bd3 46. Kf4 Re8 47. Ra7 Bb5 48. h4 Rf8+ 49. Kg5 Re8 50. Kf4 Bd3 51. h5 Kh7 52. g5 Re4+ 53. Kf3 Kg8 54. g6 Re8 55. Kf4 Bb5 56. Kg5 Bd3 57. h6 gxh6+ 58. Kxh6 Rf8 59. Rg7+ Kh8 60. Rh7+ Kg8 61. Rg7+ Kh8 62. Rc7 Rd8 63. Rxc6 Kg8 64. Rc7 Re8 65. c6 Bb5 66. Rg7+ Kh8 67. Rh7+ Kg8 68. c7 Rc8 69. g7 Kf7 70. Rh8 Rg8 71. Rxg8 1-0


[Site "https://www.chess.com"]

[Event "Titled Tuesday Blitz November 2 2021"]
[White "Narayanan, Srinath"]
[Black "Sokolovsky, Yahli"]
[WhiteFideId "5018420"]
[BlackFideId "2820242"]
[WhiteElo "2472"]
[BlackElo "1770"]
[Result "1/2-1/2"]
[Round "04"]
[TimeControl "180+1"]
[Date "2021.11.02"]
[WhiteClock "0:00:29"]
[BlackClock "0:00:04"]

1. e4 g6 2. d4 Bg7 3. Nc3 d6 4. Be3 a6 5. f3 b5 6. Qd2 Bb7 7. h4 h5 8. Nh3 Nd7 9. Ng5 c5 10. O-O-O Rc8 11. dxc5 Nxc5 12. Bd4 Nf6 13. Kb1 Qd7 14. Nd5 Bxd5 15. exd5 O-O 16. g4 hxg4 17. h5 Nxh5 18. Bxg7 Kxg7 19. fxg4 Qxg4 20. Bh3 Qf4 21. Bxc8 Qxd2 22. Rxd2 Rxc8 23. Rf2 f6 24. Nf3 Ne4 25. Rg2 Kf7 26. Nh4 Rg8 27. Rhg1 Nf4 28. Rg4 g5 29. Nf5 Rh8 30. Re1 Nd2+ 31. Kc1 Nf3 32. Rd1 Nh2 33. Rh1 Rh5 34. Ng3 Rh3 35. Rxf4 gxf4 36. Nf1 Rf3 37. Nxh2 Rh3 38. Kd2 f5 39. Ke2 Kf6 40. Kf2 Kf7 41. c3 a5 42. a3 Ke8 43. Kg2 Rg3+ 44. Kf2 Rh3 45. Ke2 Kd7 46. Kf2 Kc7 47. Kg1 Rg3+ 48. Kf1 Rh3 49. Kg2 Rg3+ 50. Kf1 Rh3 51. Kf2 Kd7 52. Ke2 Kc7 53. Ke1 Kd7 54. Kf2 Kc7 55. Kg1 Rg3+ 56. Kf1 1/2-1/2


[Site "https://www.chess.com"]

[Event "Titled Tuesday Blitz November 2 2021"]
[White "Naroditsky, Daniel"]
[Black "Holt, Conrad"]
[WhiteFideId "2026961"]
[BlackFideId "2034387"]
[WhiteElo "2608"]
[BlackElo "2586"]
[Result "1-0"]
[Round "04"]
[TimeControl "180+1"]
[Date "2021.11.02"]
[WhiteClock "0:00:11"]
[BlackClock "0:00:03"]

1. b3 d5 2. Bb2 Bg4 3. f3 Bd7 4. e4 e6 5. Nh3 Nc6 6. d4 Bb4+ 7. c3 Bd6 8. e5 Be7 9. Bd3 f5 10. O-O Nh6 11. Nf4 Bg5 12. Bc1 O-O 13. Nh5 Be8 14. Nf4 Qd7 15. Kh1 Nd8 16. Ng6 Bxg6 17. Bxg5 Ndf7 18. Bf4 Kh8 19. Nd2 Ng8 20. Qe1 Qe7 21. Qg3 c5 22. c4 Rad8 23. Rad1 dxc4 24. Nxc4 Rxd4 25. Nd6 Nxe5 26. Bxe5 f4 27. Qf2 Rxd3 28. Rxd3 Bxd3 29. Rd1 Bg6 30. Qxc5 b6 31. Qd4 h6 32. Bxf4 Qh4 33. Be5 Qxd4 34. Rxd4 Nf6 35. Rc4 Nd5 36. Kg1 Kg8 37. h4 Rd8 38. Rg4 Ne7 39. h5 Bxh5 40. Rxg7+ Kf8 41. Rh7 Bg6 42. Bg7+ Kg8 43. Rh8+ Kxg7 44. Rxd8 Kf6 45. Rd7 Nc6 46. Rc7 Nb4 47. Rxa7 Bb1 48. a3 Nd5 49. a4 Ke5 50. Nc4+ Kd4 51. Rb7 Kc5 52. a5 bxa5 53. Nxa5 Bd3 54. Nc4 Kd4 55. Kf2 Kc3 56. Ne3 Nf4 57. b4 Ba6 58. Rb8 Nd3+ 59. Kg3 Nxb4 60. Ng4 h5 61. Nf6 Bd3 62. Nxh5 Nd5 63. Nf4 Ne3 64. Nxe6 Bc4 65. Nf4 Kd4 66. Rd8+ Kc5 67. Re8 Nf5+ 68. Kf2 Kd6 69. g4 Ng7 70. Rd8+ Ke7 71. Rd4 Bf7 72. Re4+ Kf6 73. Nh5+ Bxh5 74. gxh5 Nxh5 75. Ke3 Ng7 76. Ra4 Nf5+ 77. Kf4 Ne7 78. Ra6+ Kf7 79. Ra7 Ke6 80. Rxe7+ Kxe7 81. Ke5 1-0


[Site "https://www.chess.com"]

[Event "Titled Tuesday Blitz November 2 2021"]
[White "Pinheiro, Iung Alicio de O."]
[Black "Boros, Denes"]
[WhiteFideId "2104350"]
[BlackFideId "722340"]
[WhiteElo "2576"]
[BlackElo "2464"]
[Result "1-0"]
[Round "04"]
[TimeControl "180+1"]
[Date "2021.11.02"]
[WhiteClock "0:00:08"]
[BlackClock "0:00:09"]

1. d4 e6 2. Nf3 a6 3. g3 Nf6 4. Bg2 d5 5. O-O Be7 6. c4 O-O 7. cxd5 exd5 8. Qb3 Nc6 9. Nc3 Bg4 10. Rd1 Na5 11. Qc2 Re8 12. Ne5 c6 13. Bg5 Bh5 14. Rac1 Nd7 15. Bxe7 Rxe7 16. Nd3 Bg6 17. Re1 Nc4 18. b3 Nd6 19. Qd2 h6 20. Nf4 Bf5 21. f3 Nf6 22. e3 Kh8 23. Na4 Qe8 24. Nc5 a5 25. Ncd3 a4 26. Ne5 axb3 27. axb3 Nd7 28. Nfd3 Bxd3 29. Nxd3 Nb5 30. Nf4 Ra3 31. Qb4 Ra2 32. e4 dxe4 33. fxe4 Nf6 34. e5 Ng4 35. h3 Nf2 36. Rf1 Nxh3+ 37. Bxh3 Qd8 38. Rcd1 Re8 39. Bg2 Qg5 40. Qc4 Qxg3 41. Qd3 Rd8 42. Qxg3 1-0


[Site "https://www.chess.com"]

[Event "Titled Tuesday Blitz November 2 2021"]
[White "Prestia, Paris"]
[Black "Pichot, Alan"]
[WhiteFideId "30925959"]
[BlackFideId "110973"]
[WhiteElo "2577"]
[BlackElo "2600"]
[Result "0-1"]
[Round "04"]
[TimeControl "180+1"]
[Date "2021.11.02"]
[WhiteClock "0:01:33"]
[BlackClock "0:02:36"]

1. d4 Nf6 2. c4 e6 3. Nc3 Bb4 4. e3 O-O 5. Ne2 Re8 6. a3 Bf8 7. Ng3 d5 8. Bd3 c5 9. O-O cxd4 10. exd4 dxc4 11. Bxc4 Nc6 12. Be3 b6 13. Qd3 Bb7 14. Rad1 Na5 15. Ba2 Nd5 16. Bb1 g6 17. Rfe1 Rc8 18. Nce4 Bg7 19. Ba2 h6 20. b4 Nc6 21. Rc1 Nce7 22. Rxc8 Nxc8 23. Rc1 Nce7 24. Ne2 Nf5 25. N4c3 Ndxe3 26. fxe3 Qg5 27. Nf4 Bxd4 28. Nce2 Bxe3+ 29. Kh1 0-1


[Site "https://www.chess.com"]

[Event "Titled Tuesday Blitz November 2 2021"]
[White "Provotorov, Ivan"]
[Black "Pridorozhni, Aleksei"]
[WhiteFideId "4154657"]
[BlackFideId "4127870"]
[WhiteElo "2291"]
[BlackElo "2565"]
[Result "0-1"]
[Round "04"]
[TimeControl "180+1"]
[Date "2021.11.02"]
[WhiteClock "0:00:01"]
[BlackClock "0:00:54"]

1. c4 e6 2. Nc3 d5 3. d4 c6 4. e4 dxe4 5. Nxe4 Bb4+ 6. Nc3 c5 7. Nf3 Nc6 8. Be3 Nge7 9. a3 Ba5 10. Qd3 O-O 11. O-O-O cxd4 12. Nxd4 Nxd4 13. Qxd4 Nf5 14. Qe5 Qc7 15. Qxc7 Bxc7 16. Bc5 Re8 17. Bd3 b6 18. Bxf5 bxc5 19. Be4 Rb8 20. Nb5 Be5 21. Kc2 a6 22. Nc3 Bd4 23. f4 Bd7 24. b3 Red8 25. Rd3 Kf8 26. Rhd1 Ke7 27. Ne2 Bf6 28. g4 h6 29. Ng3 g6 30. Bf3 a5 31. a4 Bd4 32. Ne4 Be8 33. Nc3 Bxc3 34. Kxc3 Rxd3+ 35. Rxd3 Rd8 36. Rxd8 Kxd8 37. h4 Ke7 38. Kd3 f6 39. Be4 g5 40. fxg5 fxg5 41. h5 Kf6 42. Bf3 Ke5 43. Ke3 Bf7 44. Be4 Bg8 45. Bc2 Kd6 46. Bd3 Bf7 47. Be4 Be8 48. Bd3 Bd7 49. Be4 Ke5 50. Bd3 Bc6 51. Be2 Be4 52. Bd1 Bb1 53. Kd2 Kd4 0-1


[Site "https://www.chess.com"]

[Event "Titled Tuesday Blitz November 2 2021"]
[White "Schmakel, Sam"]
[Black "Zierk, Steven"]
[WhiteFideId "2039311"]
[BlackFideId "2034255"]
[WhiteElo "2356"]
[BlackElo "2494"]
[Result "0-1"]
[Round "04"]
[TimeControl "180+1"]
[Date "2021.11.02"]
[WhiteClock "0:00:02"]
[BlackClock "0:00:17"]

1. Nf3 d5 2. g3 Nf6 3. Bg2 c6 4. O-O Bg4 5. c4 e6 6. Qb3 Qb6 7. d3 Nbd7 8. Be3 Qxb3 9. axb3 a6 10. Bd4 Bd6 11. Bc3 O-O 12. h3 Bxf3 13. Bxf3 e5 14. b4 e4 15. Bg2 Rfe8 16. dxe4 Nxe4 17. cxd5 cxd5 18. Rd1 Ndf6 19. Bxf6 Nxf6 20. Nc3 Bxb4 21. Nxd5 Nxd5 22. Bxd5 Rab8 23. e3 Kf8 24. Rac1 b6 25. Rc4 a5 26. Rh4 h6 27. Rf4 f6 28. Rc4 Rbd8 29. Kg2 Bc5 30. e4 f5 31. exf5 Re2 32. Rf4 Rxb2 33. f6 g5 34. Rf5 a4 35. h4 g4 36. Rf4 a3 37. Rxg4 Rxf2+ 38. Kh3 Rxf6 39. Rg8+ Ke7 40. Re1+ Kd7 41. Rg7+ Kc8 42. Bc4 Rd7 43. Rg8+ Kc7 44. Ree8 Re7 45. Rc8+ Kd6 46. Rgd8+ Ke5 47. Rd5+ Ke4 48. Rg8 Ke3 49. Rd3+ Kf2 50. Rg4 Re2 51. Bd5 a2 52. Ra4 Rd6 0-1


[Site "https://www.chess.com"]

[Event "Titled Tuesday Blitz November 2 2021"]
[White "Siva Mahadevan"]
[Black "Kim, Sergey"]
[WhiteFideId "25043153"]
[BlackFideId "13700570"]
[WhiteElo "2203"]
[BlackElo "2582"]
[Result "1-0"]
[Round "04"]
[TimeControl "180+1"]
[Date "2021.11.02"]
[WhiteClock "0:01:50"]
[BlackClock "0:00:25"]

1. e4 e5 2. Nf3 Nc6 3. Bb5 a6 4. Ba4 Nf6 5. O-O b5 6. Bb3 Bc5 7. a4 Rb8 8. c3 d6 9. d4 Bb6 10. a5 Ba7 11. h3 h6 12. Be3 exd4 13. cxd4 O-O 14. Nc3 Re8 15. Re1 Nb4 16. Qd2 Be6 17. d5 Bxe3 18. Rxe3 Bd7 19. Nd4 c5 20. dxc6 Nxc6 21. Rg3 Nxd4 22. Qxd4 Be6 23. Bxe6 fxe6 24. e5 dxe5 25. Qxe5 Qe7 26. Re1 Qf7 27. Ree3 Rbd8 28. Ref3 Kh8 29. Ne4 Rf8 30. Nxf6 gxf6 31. Qe3 Kh7 32. Rf4 Rd5 33. Rh4 Rg5 34. Kh2 Rfg8 35. Rd4 f5 36. Rxg5 hxg5 37. Rd6 Rg6 38. Qd4 Qf6 39. Qxf6 Rxf6 40. Rxa6 f4 41. Rb6 1-0


[Site "https://www.chess.com"]

[Event "Titled Tuesday Blitz November 2 2021"]
[White "Skatchkov, Valery"]
[Black "Murzin, Volodar"]
[WhiteFideId "24195812"]
[BlackFideId "44155573"]
[WhiteElo "2195"]
[BlackElo "2514"]
[Result "1-0"]
[Round "04"]
[TimeControl "180+1"]
[Date "2021.11.02"]
[WhiteClock "0:00:24"]
[BlackClock "0:00:02"]

1. d4 Nf6 2. c4 g6 3. Nc3 d5 4. cxd5 Nxd5 5. g3 Bg7 6. Bg2 Nxc3 7. bxc3 O-O 8. Nf3 c5 9. O-O Nc6 10. Rb1 b6 11. dxc5 bxc5 12. Nh4 Qc7 13. Qd5 Bd7 14. Qxc5 Rfc8 15. Bf4 e5 16. Be3 Rab8 17. Rxb8 Qxb8 18. Qa3 Be6 19. Nf3 Bc4 20. Re1 Qb5 21. Bf1 e4 22. Nd2 Bd5 23. Rb1 1-0


[Site "https://www.chess.com"]

[Event "Titled Tuesday Blitz November 2 2021"]
[White "Smirnov, Pavel"]
[Black "Sanal, Vahap"]
[WhiteFideId "4123425"]
[BlackFideId "6300545"]
[WhiteElo "2571"]
[BlackElo "2492"]
[Result "1-0"]
[Round "04"]
[TimeControl "180+1"]
[Date "2021.11.02"]
[WhiteClock "0:01:14"]
[BlackClock "0:00:49"]

1. d4 Nf6 2. c4 e6 3. Nf3 b6 4. g3 Bb7 5. Bg2 Be7 6. O-O O-O 7. Nc3 Ne4 8. Bd2 Nxd2 9. Qxd2 d6 10. d5 e5 11. e4 Nd7 12. Ne1 Nf6 13. Nd3 Bc8 14. f4 exf4 15. gxf4 Nd7 16. Nb4 Bb7 17. Nc6 Bxc6 18. dxc6 Nb8 19. e5 Na6 20. Nd5 dxe5 21. fxe5 Bg5 22. Qf2 Bh6 23. b4 Qg5 24. Rae1 Rae8 25. h4 Qd8 26. Bh3 Re7 27. Bd7 Rxd7 28. cxd7 c6 29. e6 cxd5 30. Qxf7+ 1-0


[Site "https://www.chess.com"]

[Event "Titled Tuesday Blitz November 2 2021"]
[White "Sorokin, Aleksey"]
[Black "Matinian, Nikita"]
[WhiteFideId "24176460"]
[BlackFideId "24129100"]
[WhiteElo "2476"]
[BlackElo "2464"]
[Result "1-0"]
[Round "04"]
[TimeControl "180+1"]
[Date "2021.11.02"]
[WhiteClock "0:00:25"]
[BlackClock "0:00:02"]

1. d4 Nf6 2. c4 g6 3. Nc3 d5 4. cxd5 Nxd5 5. e4 Nxc3 6. bxc3 Bg7 7. Nf3 c5 8. Be3 Qa5 9. Qd2 O-O 10. Rc1 Rd8 11. d5 e6 12. Bg5 f6 13. Be3 exd5 14. exd5 Bg4 15. Be2 Nc6 16. Qb2 Bxf3 17. gxf3 Nd4 18. Bd1 Nf5 19. O-O Rd7 20. c4 Nxe3 21. fxe3 Re8 22. e4 f5 23. Qg2 Qc7 24. Kh1 Qf4 25. Bc2 Kh8 26. exf5 gxf5 27. Rg1 Bd4 28. Rce1 Rf8 29. Rgf1 Rg7 30. Qh3 Qd2 31. Bxf5 Rxf5 32. Re8+ Rg8 33. Rxg8+ Kxg8 34. Qxf5 1-0


[Site "https://www.chess.com"]

[Event "Titled Tuesday Blitz November 2 2021"]
[White "Swicarz, Maciej"]
[Black "Abdyzhapar, Asylbek"]
[WhiteFideId "1113585"]
[BlackFideId "13800337"]
[WhiteElo "2130"]
[BlackElo "2383"]
[Result "1-0"]
[Round "04"]
[TimeControl "180+1"]
[Date "2021.11.02"]
[WhiteClock "0:01:53"]
[BlackClock "0:01:52"]

1. c4 c6 2. Nf3 Nf6 3. d4 d5 4. cxd5 cxd5 5. Nc3 Nc6 6. Bf4 a6 7. e3 Bf5 8. Bd3 Bxd3 9. Qxd3 e6 10. O-O Bd6 11. Bxd6 Qxd6 12. Rfc1 O-O 13. Na4 Rfc8 14. Nb6 Nd7 15. Nxa8 Rxa8 16. Rc3 a5 17. Rac1 a4 18. Qb5 Ra7 19. Ne1 h5 20. Nd3 h4 21. h3 Nf6 22. Qc5 Qc7 23. Qxa7 Nxa7 24. Rxc7 1-0


[Site "https://www.chess.com"]

[Event "Titled Tuesday Blitz November 2 2021"]
[White "Terry, Renato"]
[Black "Erdogdu, Mert"]
[WhiteFideId "3803457"]
[BlackFideId "6301495"]
[WhiteElo "2577"]
[BlackElo "2485"]
[Result "1/2-1/2"]
[Round "04"]
[TimeControl "180+1"]
[Date "2021.11.02"]
[WhiteClock "0:01:38"]
[BlackClock "0:01:07"]

1. d4 d5 2. Bg5 h6 3. Bh4 c5 4. e3 Qb6 5. Nc3 e6 6. a3 cxd4 7. exd4 Nc6 8. Nf3 Nge7 9. Bd3 Bd7 10. Nb5 Nb4 11. axb4 Bxb5 12. c3 Bxd3 13. Qxd3 Nf5 14. O-O Bd6 15. Ra5 O-O 16. Rfa1 Rfc8 17. Bg3 Bxg3 18. hxg3 Nd6 19. Ne5 a6 20. Rc5 Qd8 21. Qe2 Ne4 22. Rca5 Nd6 23. Rc5 Ne4 24. Rca5 Nd6 25. Rc5 1/2-1/2


[Site "https://www.chess.com"]

[Event "Titled Tuesday Blitz November 2 2021"]
[White "Timofeev, Artyom"]
[Black "Kadam, Om Manish"]
[WhiteFideId "4140419"]
[BlackFideId "45076294"]
[WhiteElo "2591"]
[BlackElo "1729"]
[Result "1-0"]
[Round "04"]
[TimeControl "180+1"]
[Date "2021.11.02"]
[WhiteClock "0:00:44"]
[BlackClock "0:00:19"]

1. c4 Nf6 2. Nc3 e5 3. e3 Nc6 4. d3 d5 5. cxd5 Nxd5 6. Nf3 Be6 7. Be2 Be7 8. O-O O-O 9. a3 a6 10. Qc2 f6 11. Na4 Qd7 12. b4 f5 13. Bb2 Bd6 14. Nc5 Bxc5 15. Qxc5 e4 16. dxe4 fxe4 17. Nd4 Nxd4 18. Qxd4 Nf6 19. Rfd1 Qxd4 20. Rxd4 Rfe8 21. h3 Kf7 22. g4 h6 23. Rad1 c6 24. Kg2 Ke7 25. Kg3 Kf7 26. R4d2 Nd5 27. Bf1 h5 28. Bg2 hxg4 29. hxg4 Bd7 30. Rd4 a5 31. b5 Rab8 32. Rxe4 Rxe4 33. Bxe4 Be6 34. g5 Ne7 35. Be5 Rc8 36. bxc6 bxc6 37. Rb1 Bf5 38. Bxf5 Nxf5+ 39. Kg4 Ke6 40. Bc3 a4 41. Rb4 g6 42. Rxa4 Rh8 43. Bxh8 1-0


[Site "https://www.chess.com"]

[Event "Titled Tuesday Blitz November 2 2021"]
[White "Tologon tegin, Semetei"]
[Black "Zubov, Alexander"]
[WhiteFideId "13800574"]
[BlackFideId "14109409"]
[WhiteElo "2224"]
[BlackElo "2685"]
[Result "0-1"]
[Round "04"]
[TimeControl "180+1"]
[Date "2021.11.02"]
[WhiteClock "0:00:07"]
[BlackClock "0:00:06"]

1. e4 c5 2. Nf3 e6 3. d4 cxd4 4. Nxd4 a6 5. Bd3 Bc5 6. Nb3 Be7 7. c4 d6 8. Nc3 Nf6 9. O-O O-O 10. Be3 b6 11. Rc1 Bb7 12. Qe2 Nbd7 13. Rfd1 Qc7 14. f3 Nc5 15. Nd4 Rac8 16. b3 Rfe8 17. Qf2 h5 18. Bf1 h4 19. b4 Ncd7 20. Nb3 Qb8 21. a3 Ba8 22. Bg5 h3 23. gxh3 Ne5 24. Nd2 Bd8 25. Be3 Bc7 26. f4 Ng6 27. Bd3 Rcd8 28. Rf1 d5 29. cxd5 exd5 30. e5 d4 31. Bxd4 Nd5 32. Nxd5 Rxd5 33. Be4 Rd7 34. Bxa8 Qxa8 35. Nc4 Nh4 36. Nxb6 Bxb6 37. Bxb6 Nf5 38. Rfd1 Rxd1+ 39. Rxd1 Qe4 40. Bc5 a5 41. Re1 Qc4 42. Qf3 axb4 43. axb4 g6 44. Kg2 Nh4+ 45. Kg3 Nxf3 46. Kxf3 Rd8 47. Re3 Rd3 48. Kf2 Qc2+ 49. Kf3 Qd2 50. Rxd3 Qxd3+ 51. Kg4 Qe2+ 52. Kg3 Kg7 53. h4 Kh6 54. h3 Kh5 55. Be7 Qe3+ 56. Kg2 Qxf4 57. Bf6 Qxb4 58. Kg3 Qe4 59. Kf2 Qd3 60. Kg2 Qe3 61. Kh2 Qf2+ 62. Kh1 Kh6 63. Bg5+ Kg7 64. Bf6+ Kf8 65. Bg5 Ke8 66. Bf6 Kd7 67. Bg5 Ke6 68. Bf6 Kf5 69. Bg5 Ke4 70. Bf6 Kf3 71. h5 Qg2# 0-1


[Site "https://www.chess.com"]

[Event "Titled Tuesday Blitz November 2 2021"]
[White "Toropov, Pavel"]
[Black "Tsydypov, Zhamsaran"]
[WhiteFideId "24129178"]
[BlackFideId "4108566"]
[WhiteElo "2368"]
[BlackElo "2649"]
[Result "0-1"]
[Round "04"]
[TimeControl "180+1"]
[Date "2021.11.02"]
[WhiteClock "0:00:48"]
[BlackClock "0:01:06"]

1. e4 c5 2. Nf3 d6 3. Bb5+ Nd7 4. d4 cxd4 5. Qxd4 e5 6. Qd3 Nf6 7. Nc3 h6 8. Nd2 a6 9. Bxd7+ Qxd7 10. Nc4 Qc6 11. Be3 Be6 12. Nb6 Rd8 13. O-O-O Be7 14. f3 O-O 15. g4 Nd7 16. Nbd5 Bh4 17. g5 Kh7 18. gxh6 g6 19. Rhg1 Rg8 20. Nb4 Qc8 21. Qxd6 Rge8 22. Nbd5 b5 23. Nc7 Be7 24. Qxa6 Qxc7 25. Nxb5 Qc4 26. b3 Qe2 27. Rge1 Qxf3 28. Nc7 Nb8 29. Qb7 Ba3+ 30. Kb1 Rxd1+ 31. Rxd1 Qxd1+ 0-1


[Site "https://www.chess.com"]

[Event "Titled Tuesday Blitz November 2 2021"]
[White "Tregubov, Pavel V."]
[Black "Visakh N R"]
[WhiteFideId "4115341"]
[BlackFideId "25012223"]
[WhiteElo "2423"]
[BlackElo "2454"]
[Result "0-1"]
[Round "04"]
[TimeControl "180+1"]
[Date "2021.11.02"]
[WhiteClock "0:00:38"]
[BlackClock "0:01:44"]

1. e4 c5 2. Nf3 d6 3. Bb5+ Bd7 4. Bxd7+ Qxd7 5. O-O Nc6 6. c3 Nf6 7. Qe2 e6 8. d4 cxd4 9. cxd4 Be7 10. Nc3 O-O 11. e5 dxe5 12. dxe5 Nd5 13. Nxd5 Qxd5 14. Rd1 Qa5 15. Bf4 Rfd8 16. a3 Qa4 17. g3 h6 18. h4 Na5 19. Rac1 Nc6 20. Kg2 Qb3 21. Rxd8+ Rxd8 22. Rc3 Qd5 23. Kh2 Bc5 24. Rc2 Bb6 25. Rd2 Qb3 26. Rxd8+ Nxd8 27. Qd2 Qxf3 0-1


[Site "https://www.chess.com"]